 Dungeon Crawl Stone Soup version 0.18.1-48-g4cf74bf (webtiles) character file.

67 odie the Ruffian (level 3, 36/36 HPs)
             Began as a Troll Monk on July 3, 2016.
             Quit the game on level 3 of the Dungeon.
             The game lasted 00:08:44 (1293 turns).

odie the Ruffian (Troll Monk)                       Turns: 1293, Time: 00:08:45

Health: 36/36      AC:  5    Str: 20    XL:     3   Next: 98%
Magic:  2/2        EV: 10    Int:  6    God:
Gold:   74         SH:  0    Dex: 12    Spells: 0 memorised, 2 levels left

rFire  . . .     SeeInvis .       - Unarmed
rCold  . . .     Gourm    +     a - +0 robe
rNeg   . . .     Faith    .     (no shield)
rPois  .         Spirit   .     (helmet restricted)
rElec  .         Dismiss  .     (no cloak)
rCorr  .         Reflect  .     (gloves unavailable)
SustAt .         Harm     .     (boots unavailable)
MR     .....                    (no amulet)
Stlth  +.........               (no ring)
                                (no ring)

@: not resistant to hostile enchantments, very unstealthy
A: unfitting armour, claws 3, fast metabolism 3, gourmand, regeneration 2,
shaggy fur 1, tough skin 2
a: no special abilities


You were on level 3 of the Dungeon.
You were not hungry.

You visited 1 branch of the dungeon, and saw 3 of its levels.

You collected 74 gold pieces.

Inventory:

Armour
 a - a +0 robe (worn)
 e - a +0 robe
Jewellery
 n - an uncursed ring of magical power {unknown}
Scrolls
 c - a scroll of identify {unknown}
 d - 2 scrolls of immolation {unknown}
 f - a scroll of blinking {unknown}
 g - a scroll of enchant armour {unknown}
 h - a scroll of amnesia {unknown}
 j - 4 scrolls of teleportation {unknown}
 k - 2 scrolls of enchant weapon {unknown}
 l - 3 scrolls of remove curse {unknown}
Potions
 m - a potion of invisibility {unknown}
Comestibles
 b - 2 bread rations
 i - a beef jerky
 o - 2 royal jellies


   Skills:
 + Level 2.6 Fighting
 + Level 3.1 Dodging
 + Level 1.4 Stealth
 + Level 4.6 Unarmed Combat


You had 2 spell levels left.
You didn't know any spells.

Dungeon Overview and Level Annotations

Branches:
Dungeon (3/15)

Altars:
Fedhas
Kikubaaqudgha


Innate Abilities, Weirdness & Mutations

You are too large for most types of armour.
You have claws for hands.
Your metabolism is lightning-fast.
You like to eat raw meat.
You heal very quickly.
You are covered in fur (AC +1).
You have very tough skin (AC +2).


Message History

The goblin shouts!
Found a dagger.
The kobold shouts!
The goblin hits you.
You closely miss the goblin. The goblin hits you but does no damage.
You claw the goblin!
You kill the goblin!
The kobold barely misses you. The kobold closely misses you.
You see here a goblin corpse.
You closely miss the kobold. The kobold closely misses you.
You claw the kobold!
You kill the kobold!
Things that are here:
a club; a kobold corpse
Found a blossoming altar of Fedhas.
Found an ancient bone altar of Kikubaaqudgha.
A hobgoblin comes into view.
There is an ancient bone altar of Kikubaaqudgha here.
Are you sure you want to abandon this character and quit the game? (Confirm with "yes".)

######### #
###.......##.#
.............
#.......##.#
#.......##.#
#.......##.#
#####..)†..##.#
#P.P#.....###.#####
#P@P#..............
#P..##....###.##...
##g..#...)# #.##...
##.####...#.####
#.##...
............##
#.##...
.............#
#.##)..
.......#..P#...#
#.#....
.......#P..###.#
#.#.###
.......##..P# .#
#....


You could see a hobgoblin.

Vanquished Creatures
  3 adders (D:2)
  2 giant geckos
  An orc (D:2)
  8 bats
  A giant cockroach (D:1)
  5 hobgoblins
  5 kobolds
  2 ball pythons (D:1)
  3 giant newts
  3 goblins
  6 rats
39 creatures vanquished.

Notes
Turn   | Place    | Note
--------------------------------------------------------------
     0 | D:1      | odie the Troll Monk began the quest for the Orb.
     0 | D:1      | Reached XP level 1. HP: 22/22 MP: 0/0
   106 | D:1      | Reached XP level 2. HP: 29/29 MP: 1/1
   857 | D:2      | Reached XP level 3. HP: 36/36 MP: 2/2
  1280 | D:3      | Found a blossoming altar of Fedhas.
  1283 | D:3      | Found an ancient bone altar of Kikubaaqudgha.
  1293 | D:3      | Quit the game

Skill      XL: |  1  2  3 |
---------------+----------+-----
Dodging        | 3 |  3.1
Fighting       | |  2.6
Stealth        | |  1.4
Unarmed Combat | |  4.6

Action                   || total
-------------------------++-------
Melee: Unarmed           ||    84
 Stab: Sleeping          ||     2
  Eat: Chunk             ||    10
Armor: Robe              ||    40
Dodge: Dodged            ||    62
